 Dungeon Crawl Stone Soup version 0.31.0-12-g77e489cdc1 (webtiles) character file.

Game seed: 10626836106752443601

623 spaghetti the Covert (level 7, 0/62 HPs)
             Began as a Naga Chaos Knight on Feb 22, 2024.
             Was a Plaything of Xom.
             Slain by an orc priest
             ... wielding a +0 hand axe
              (2 damage)
             ... on level 5 of the Dungeon.
             The game lasted 00:04:37 (3941 turns).

spaghetti the Covert (Naga Chaos Knight)            Turns: 3941, Time: 00:04:38

Health: 0/62       AC:  6    Str: 14    XL:     7   Next: 47%
Magic:  7/7        EV:  9    Int: 14    God:    Xom [....*.]
Gold:   296        SH:  0    Dex: 11    Spells: 2/6 levels left

rFire   . . .        a - +1 short sword (chaos)
rCold   . . .        (no shield)
rNeg    . . .        (no body armour)
rPois   +            (no helmet)
rElec   .            (no cloak)
rCorr   .            (no gloves)
SInv    +            (no barding)
Will    +....        (no amulet)
Stlth   ++++         e - +4 ring of protection
HPRegen 0.30/turn    (no ring)
MPRegen 0.10/turn

%: no passive effects
@: very slow
A: AC +2, large, see invisible, deformed body, poison resistance, slowness 2,
spit poison 1, naga tail 1, strong-willed 1, sense surroundings 1
a: Spit Poison, Renounce Religion


You were on level 5 of the Dungeon.
You worshipped Xom.
You were a beloved toy of Xom.
You visited 1 branch of the dungeon, and saw 5 of its levels.

You collected 296 gold pieces.

Inventory:

Hand Weapons
 a - a +1 short sword of chaos (weapon)
Armour
 c - a +2 leather armour of willpower
Jewellery
 e - a +4 ring of protection (left hand)
 i - a +4 ring of protection
Scrolls
 f - a scroll of immolation
 g - a scroll of teleportation
Potions
 b - a potion of magic
 d - 2 potions of curing
 h - a potion of degeneration


   Skills:
 - Level 3.0 Fighting
 - Level 3.0 Short Blades
 - Level 1.5 Armour
 - Level 0.7 Dodging
 + Level 9.6 Stealth
 + Level 3.0 Summonings
 + Level 3.0 Necromancy


You had 2 spell levels left.
You knew the following spells:

 Your Spells              Type           Power      Damage    Failure   Level
a - Martyr's Knell        Necr/Summ      8%         N/A       63%         4

Your spell library contained the following spells:

 Spells                   Type           Power      Damage    Failure   Level
 Necrotise                Necr           32%        1d5       9%          1
 Shock                    Conj/Air       0%         1d3       28%         1
 Vampiric Draining        Necr           8%         2d6       26%         3
 Swiftness                Air            0%         N/A       65%         3
 Curse of Agony           Necr           8%         N/A       93%         5
 Airstrike                Air            0%         2d(0-16)  96%         4


Dungeon Overview and Level Annotations

Branches:
Dungeon (5/15)             Temple (0/1) D:4

Altars:
Ru


Innate Abilities, Weirdness & Mutations

Your serpentine skin is tough. (AC +2)
You have supernaturally acute eyesight. (SInv)
Armour fits poorly on your strangely shaped body.
Your system is resistant to poisons. (rPois)
You cover ground very slowly.
You can spit poison.
You have a snake-like lower body.
You are strong-willed. (Will+)
You passively map a small area around you.


Message History

The arrow hits you.
You hit the orc priest but do no damage.
The orc priest is severely wounded.
The orc barely misses you.
The orc priest hits you but does no damage.
The centaur shoots an arrow.
The arrow hits you!
You are too injured to fight recklessly!
You are too injured to fight recklessly!
You are too injured to fight recklessly!
You are too injured to fight recklessly!
You are too injured to fight recklessly!
You closely miss the orc priest.
The orc priest is severely wounded.
The centaur shoots an arrow.
The arrow hits you! The orc hits you but does no damage.
An orc priest comes into view.
It is wielding a +1 short sword of flaming.
The orc priest hits you but does no damage.
Unknown command.
The orc priest shouts!
You hit the orc priest. You freeze the orc priest.
The orc priest is almost dead.
You have got your breath back.
The orc hits you but does no damage.
The orc priest hits you with a +0 hand axe.
Unknown command.
The centaur shoots an arrow.
The arrow closely misses you.
The centaur shoots an arrow.
The arrow hits you!
The orc priest invokes the aid of Beogh against you.
Beogh smites you!
* * * LOW HITPOINT WARNING * * *
"Serve the toy, my child!"
The centaur shoots an arrow.
The arrow hits you.
* * * LOW HITPOINT WARNING * * *
The orc priest hits you with a +0 hand axe.
* * * LOW HITPOINT WARNING * * *
The centaur shoots an arrow.
The arrow hits you!
* * * LOW HITPOINT WARNING * * *
The orc priest hits you with a +0 hand axe.
You die...
Xom chuckles heartily!

, ,..... ...# , ...
..# * ,* #.###c#####
,# #####..........
#.#...........#**
#.#.#.###.......####
*
#........5.....o....
#.###.####.oo...####
#<....##.@oo..# *
#.#.#.##.##.###
.....<....# .#
###.#.#.#### .#
#.....#* *.# ###....
.. ###### * * *


You could see a centaur, 2 orc priests, 3 orcs and a friendly shadow imp
(summoned).

Vanquished Creatures
  A crocodile (D:4)
  3 scorpions (D:4)
  A killer bee (D:4)
  3 bombardier beetles
  2 orc priests
  An iguana (D:4)
  An orc wizard (D:4)
  Robin (D:2)
  3 adders
  A river rat (D:3)
  A dart slug (D:2)
  3 ribbon worms
  11 orcs
  6 bats
  6 endoplasms
  5 giant cockroaches
  8 goblins
  5 hobgoblins
  3 jackals (D:2)
  5 quokkas
  12 ball pythons
  5 frilled lizards
  4 kobolds
  6 rats
97 creatures vanquished.

Vanquished Creatures (collateral kills)
  A dart slug (D:4)
  An endoplasm (D:4)
  A hobgoblin (D:4)
3 creatures vanquished.

Vanquished Creatures (others)
  An orc (D:3)
  A goblin (D:4)
  A rat (D:3)
3 creatures vanquished.

Grand Total: 103 creatures vanquished

Notes
Turn   | Place    | Note
-------+----------+-------------------------------------------
     0 | D:1      | spaghetti the Naga Chaos Knight began the quest for the
                  | Orb.
     0 | D:1      | Reached XP level 1. HP: 21/21 MP: 1/1
    69 | D:1      | Reached skill level 1 in Stealth
   112 | D:1      | Reached skill level 2 in Stealth
   114 | D:1      | Reached XP level 2. HP: 16/28 MP: 2/2
   239 | D:1      | Reached skill level 3 in Stealth
   431 | D:1      | XOM: silly message
   517 | D:1      | XOM: silly message
   702 | D:2      | Found a faded altar of an unknown god.
   767 | D:2      | Reached skill level 4 in Stealth
   815 | D:2      | Reached XP level 3. HP: 34/34 MP: 3/3
   817 | D:2      | XOM: smoke on damage
   925 | D:2      | Reached skill level 5 in Stealth
  1006 | D:2      | Noticed Robin
  1212 | D:2      | Killed Robin
  1213 | D:2      | Reached XP level 4. HP: 39/42 MP: 4/4
  1284 | D:2      | XOM: noise
  1285 | D:2      | XOM: silly message
  1528 | D:2      | Reached skill level 6 in Stealth
  1590 | D:2      | XOM: silly message
  1726 | D:2      | XOM: divination: detect items
  1781 | D:3      | XOM: enchant monster (bad)
  1786 | D:3      | XOM: destruction
  1813 | D:3      | XOM: butterfly on damage
  1816 | D:3      | Reached skill level 7 in Stealth
  2025 | D:3      | Reached XP level 5. HP: 43/47 MP: 5/5
  2176 | D:3      | Reached skill level 8 in Stealth
  2256 | D:3      | XOM: divination: detect creatures
  2378 | D:3      | XOM: give mutations
  2378 | D:3      | Gained mutation: You passively map a small area around you.
                  | [Xom's grace]
  2378 | D:3      | Gained mutation: You are strong-willed. (Will+) [Xom's
                  | grace]
  2413 | D:3      | Learned a level 4 spell: Martyr's Knell
  2887 | D:4      | XOM: confusion (+ monsters)
  2891 | D:4      | Reached XP level 6. HP: 46/56 MP: 6/6
  2893 | D:4      | Reached skill level 1 in Summonings
  2893 | D:4      | Reached skill level 1 in Necromancy
  2990 | D:4      | XOM: 1-stop teleportation journey
  3000 | D:4      | XOM: enchant monster (good)
  3061 | D:4      | Found a staircase to the Ecumenical Temple.
  3230 | D:4      | XOM: divination: magic mapping
  3237 | D:4      | Found a sacrificial altar of Ru.
  3241 | D:4      | XOM: polymorph jackal -> killer bee
  3242 | D:4      | XOM: destruction
  3253 | D:4      | XOM: enchant monster (good)
  3261 | D:4      | XOM: enchant monster (bad)
  3270 | D:4      | Reached skill level 9 in Stealth
  3272 | D:4      | XOM: 3-stop teleportation journey
  3278 | D:4      | XOM: 3-stop teleportation journey
  3305 | D:4      | Reached XP level 7. HP: 31/62 MP: 7/7
  3491 | D:4      | XOM: noise
  3596 | D:4      | XOM: god gift: falchion {god gift}
  3922 | D:5      | Entered Level 5 of the Dungeon
  3941 | D:5      | XOM: summons friendly shadow imp
  3941 | D:5      | HP: 2/62 [centaur/arrow (10)]
  3941 | D:5      | Slain by an orc priest

Illustrated notes

Levels and vault maps discovered:
D:1:      psy_arrival_spokes, layout_loops_ring
D:2:      layout_basic, nicolae_ecumenical_oubliette, grunt_ministairs_6,
          nicolae_houndstooth_variations, uniq_robin
D:3:      layout_loops_ring, portal_sewer_entry_a,
          minmay_misc_feat_four_crosses, dk_noncrumbling_3
D:4:      layout_loops_ring, nicolae_ru_great_annihilating_truth,
          minmay_temple_entry_offerings
D:5:      layout_loops_ring, grunt_temple_overflow_order_and_chaos_2,
          mainiacjoe_overflow_cross_hatched, uniq_menkaure, uniq_duvessa,
          uniq_edmund

Skill      XL: |  1  2  3  4  5  6  7 |
---------------+----------------------+-----
Stealth        | 2 4 5 7 8 9 |  9.6
Summonings     | 2 3 |  3.0
Necromancy     | 2 3 |  3.0
Fighting       | |  3.0
Short Blades   | |  3.0
Armour         | |  1.5
Dodging        | |  0.7

Action                     |  1- 3 |  4- 6 |  7- 9 || total
---------------------------+-------+-------+-------++-------
  Melee: Short sword       |    97 |   144 |    13 ||   254
Ability: Spit Poison       |    25 |    31 |     6 ||    62
    Use: Scroll            |     4 |     5 |     1 ||    10
         Potion            |     2 |     2 |       ||     4
   Stab: Sleeping          |     1 |     1 |       ||     2
         Paralysed         |       |     1 |       ||     1
         Petrified         |       |     2 |       ||     2
         Distracted        |       |     1 |       ||     1
 Armour: Leather armour    |    84 |    15 |       ||    99
         Skin              |       |    90 |    16 ||   106
  Dodge: Dodged            |    34 |    60 |     5 ||    99
